 Dungeon Crawl Stone Soup version 0.31-a0-267-g3fc6992b3b (webtiles) character file.

Game seed: 15248600809778706619

184 qw the Shooter (level 5, 0/30 HPs)
             Began as a Gargoyle Hexslinger on July 14, 2023.
             Slain by an iguana (7 damage)
             ... on level 5 of the Dungeon.
             The game lasted 00:01:10 (3886 turns).

qw the Shooter (Gargoyle Hexslinger)                Turns: 3886, Time: 00:01:10

Health: 0/30       AC: 10    Str: 12    XL:     5   Next: 64%
Magic:  6/6        EV: 10    Int: 13    God:
Gold:   242        SH:  0    Dex: 14    Spells: 5/6 levels left

rFire   . . .        Y - +1 sling
rCold   . . .        (no shield)
rNeg    + + .        a - +0 ring mail
rPois   inf          (no helmet)
rElec   +            f - +0 cloak
rCorr   .            (no gloves)
SInv    .            (no boots)
Will    .....        (no amulet)
Stlth   +            d - ring of positive energy
HPRegen 0.25/turn    (no ring)
MPRegen 0.10/turn

%: no passive effects
@: about to teleport
A: sickness immunity, AC +4, negative energy resistance 1, electricity
resistance, torment resistance 1, petrification resistance
a: no special abilities


You were on level 5 of the Dungeon.
You visited 1 branch of the dungeon, and saw 5 of its levels.

You collected 242 gold pieces.


Innate Abilities, Weirdness & Mutations

You are immune to sickness and miasma.
Your stone body is resilient. (AC +4)
You are immune to poison.
You resist negative energy. (rN+)
You are resistant to electric shocks. (rElec)
You are resistant to unholy torment.
You are immune to petrification.


   Skills:
 - Level 2.0 Fighting
 + Level 4.5 Ranged Weapons
 - Level 2.9 Armour
 - Level 1.5 Dodging
 - Level 1.0 Spellcasting
 - Level 2.6 Hexes


You had 5 spell levels left.
You knew the following spells:

 Your Spells              Type           Power      Damage    Failure   Level
a - Slow                  Hex            28%        N/A       21%         1

Your spell library contained the following spells:

 Spells                   Type           Power      Damage    Failure   Level
 Inner Flame              Hex/Fire       4%         N/A       71%         3
 Portal Projectile        Hex/Tloc       8%         N/A       71%         3
 Cause Fear               Hex            3%         N/A       90%         4

Inventory:

Hand Weapons
 Y - a +1 sling (weapon)
Armour
 a - a +0 ring mail (worn)
 f - a +0 cloak (worn)
Jewellery
 d - a ring of positive energy (left hand)
Wands
 i - a wand of digging (5)
Scrolls
 g - 3 scrolls of identify
Potions
 b - a potion of resistance
 c - a potion of curing
 e - 2 potions of might
 h - a potion of mutation

Dungeon Overview and Level Annotations

Branches:
Dungeon (5/15)
 Temple: D:4-7

Altars:
Fedhas
Gozag
Hepliaklqana


Message History

You shoot a sling bullet.
The sling bullet hits the hound but does no damage.
The hound closely misses you. x2
You shoot a sling bullet.
The sling bullet closely misses the hound.
The hound bites you but does no damage.
The iguana bites you but does no damage.
The hound closely misses you.
The iguana bites you but does no damage.
You shoot a sling bullet. The sling bullet hits the hound.
The hound is moderately wounded.
The hound bites you but does no damage. x2; The iguana bites you.
You shoot a sling bullet. The sling bullet hits the hound.
The hound is moderately wounded.
The hound completely misses you. The iguana bites you.
The hound bites you but does no damage.
You shoot a sling bullet. The sling bullet hits the hound.
The hound is severely wounded.
The hound bites you but does no damage. The iguana misses you.
The hound closely misses you. The iguana bites you!
You shoot a sling bullet.
The sling bullet closely misses the hound.
The hound bites you. The hound bites you but does no damage.
The iguana closely misses you.
You shoot a sling bullet.
The sling bullet closely misses the hound.
The hound barely misses you.
The iguana bites you but does no damage.
The hound bites you but does no damage.
You shoot a sling bullet.
The sling bullet closely misses the hound.
The hound bites you. The iguana misses you. The hound bites you.
3885 ||| READING scroll of teleportation.
As you read the scroll of teleportation, it crumbles to dust.
You feel strangely unstable. The iguana closely misses you.
The hound bites you but does no damage.
You shoot a sling bullet. The sling bullet hits the hound.
The hound is almost dead.
The hound bites you but does no damage. The iguana bites you!
You die...

.... .... #########...##
..###..##...##...# ..#
..##.#.#.#...+ #+#.+
.#..(#((#...# .# ....#
##.#(#(#...##..# ....###
##(((##.......#
......#########.lh.....#
...#............@#
...#....##...###.#
...#....#....#...#
...#....+....#...#
>..+....#...###.##
#'##....#...###.##
........#........#
........+........+
........#..###..##


You could see an iguana, a hound and 8 dancing weapons.

Vanquished Creatures
  A phantom (D:4)
  2 adders
  3 gnolls
  2 dart slugs
  3 orcs (D:3)
  6 bats
  2 endoplasms (D:3)
  3 giant cockroaches
  6 goblins
  6 hobgoblins
  5 jackals (D:2)
  2 quokkas
  A ball python (D:2)
  10 frilled lizards
  3 kobolds
  3 rats
58 creatures vanquished.

Notes
Turn   | Place    | Note
-------+----------+-------------------------------------------
     0 | D:1      | qw the Gargoyle Hexslinger began the quest for the Orb.
     0 | D:1      | Reached XP level 1. HP: 12/12 MP: 2/2
     0 | D:1      | 0 ||| qw: Version: 0.3-a-52-g30416fa
     0 | D:1      | 0 ||| qw: Game counter: 7858
     0 | D:1      | 0 ||| qw: Melee chars always use a shield: true
     0 | D:1      | 0 ||| qw: God list: Okawaru
     0 | D:1      | 0 ||| qw: Allow faded altars: false
     0 | D:1      | 0 ||| qw: Do Orc after clearing Dungeon:15 true
     0 | D:1      | 0 ||| qw: Do second Lair branch before Depths: true
     0 | D:1      | 0 ||| qw: Lair rune preference: random
     0 | D:1      | 0 ||| qw: Goals: Normal
     0 | D:1      | 0 ||| PLANNING D:1-11
   290 | D:1      | Reached XP level 2. HP: 16/16 MP: 3/3
   528 | D:1      | 528 ||| Stepping ~*~*~tactically~*~*~ (water).
   541 | D:1      | Reached skill level 3 in Ranged Weapons
   873 | D:1      | 873 ||| UPGRADING to +0 leather armour.
   883 | D:1      | 883 ||| DROPPING +0 robe.
   884 | D:1      | 884 ||| UPGRADING to ring of positive energy.
   885 | D:1      | 885 ||| READING scroll labelled XUOQEMOEFE.
   888 | D:1      | 888 ||| READING 4 scrolls labelled YSASAOMPIG.
   889 | D:1      | 889 ||| READING scroll labelled UVVOIW ZUREE.
   890 | D:1      | 890 ||| READING 2 scrolls labelled SUANOCW QOGEUR.
   891 | D:1      | 891 ||| DRINKING 3 red potions.
   892 | D:1      | 892 ||| DROPPING scroll of poison.
   893 | D:1      | 893 ||| DROPPING scroll of immolation.
  1111 | D:2      | Found a faded altar of an unknown god.
  1174 | D:2      | Found an opulent altar of Gozag.
  1223 | D:2      | Reached XP level 3. HP: 21/21 MP: 4/4
  1849 | D:2      | 1849 ||| READING scroll labelled FEAPAJ DUARGHY.
  1850 | D:2      | 1850 ||| READING scroll labelled VEXKI ABUERILI.
  1851 | D:2      | 1851 ||| READING 3 scrolls of identify.
  1851 | D:2      | 1851 ||| IDENTIFYING black potion
  2092 | D:3      | Reached XP level 4. HP: 26/26 MP: 5/5
  2308 | D:3      | Reached skill level 4 in Ranged Weapons
  2621 | D:3      | 2621 ||| UPGRADING to +0 ring mail.
  2631 | D:3      | 2631 ||| UPGRADING to +0 cloak.
  2636 | D:3      | 2636 ||| DROPPING +0 leather armour.
  2637 | D:3      | 2637 ||| READING 5 scrolls of identify.
  2637 | D:3      | 2637 ||| IDENTIFYING cyan potion
  2638 | D:3      | 2638 ||| DROPPING potion of brilliance.
  2740 | D:4      | Noticed a phantom
  2764 | D:4      | Killed a phantom
  2765 | D:4      | Reached XP level 5. HP: 9/30 MP: 6/6
  3162 | D:4      | Found a hazy altar of Hepliaklqana.
  3236 | D:4      | 3236 ||| FLEEEEING.
  3237 | D:4      | 3237 ||| FLEEEEING.
  3238 | D:4      | 3238 ||| FLEEEEING.
  3239 | D:4      | 3239 ||| FLEEEEING.
  3240 | D:4      | 3240 ||| FLEEEEING.
  3241 | D:4      | 3241 ||| FLEEEEING.
  3242 | D:4      | 3242 ||| FLEEEEING.
  3243 | D:4      | 3243 ||| FLEEEEING.
  3247 | D:4      | 3247 ||| FLEEEEING.
  3248 | D:4      | 3248 ||| FLEEEEING.
  3249 | D:4      | 3249 ||| FLEEEEING.
  3250 | D:4      | 3250 ||| FLEEEEING.
  3254 | D:4      | 3254 ||| STAIRDANCE
  3266 | D:3      | 3266 ||| READING scroll labelled GAUNNA FENI.
  3267 | D:3      | 3267 ||| DRINKING 2 dark potions.
  3268 | D:3      | 3268 ||| READING 4 scrolls of identify.
  3268 | D:3      | 3268 ||| IDENTIFYING brown potion
  3269 | D:3      | 3269 ||| READING 3 scrolls of identify.
  3269 | D:3      | 3269 ||| IDENTIFYING fuming emerald potion
  3270 | D:3      | 3270 ||| DROPPING potion of berserk rage.
  3278 | D:4      | 3278 ||| STAIRDANCE
  3764 | D:4      | Found a blossoming altar of Fedhas.
  3821 | D:5      | Entered Level 5 of the Dungeon
  3850 | D:5      | Noticed a +0 short sword
  3851 | D:5      | Noticed a +0 dagger
  3852 | D:5      | Noticed a +0 falchion
  3852 | D:5      | Noticed a +0 spear
  3853 | D:5      | Noticed a +0 dagger
  3853 | D:5      | Noticed a +0 spear
  3853 | D:5      | Noticed a +0 falchion
  3854 | D:5      | Noticed a +0 short sword
  3884 | D:5      | HP: 7/30 [hound (1)]
  3885 | D:5      | 3885 ||| READING scroll of teleportation.
  3886 | D:5      | Slain by an iguana

Levels and vault maps discovered:
D:1:      psy_arrival_radial01, layout_loops_ring, serial_bayou_lagoon_b
D:2:      layout_loops_corners, hellmonk_ecumenical_altar_crossroads,
          basic_altar, minmay_misc_feat_tower
D:3:      layout_loops_ring, kennysheep_generic_room_2
D:4:      layout_loops_corners, fedhas_altar_decomposition,
          mainiacjoe_overflow_alcove_2
D:5:      layout_gridville, nicolae_uskayaw_en_pointe, serial_shops,
          nicolae_lakefront_shop

Skill      XL: |  1  2  3  4 |
---------------+-------------+-----
Ranged Weapons | 3 4 |  4.5
Fighting       | 2 |  2.0
Armour         | 2 |  2.9
Dodging        | |  1.5
Spellcasting   | |  1.0
Hexes          | |  2.6

Action                     |  1- 3 |  4- 6 || total
---------------------------+-------+-------++-------
   Fire: Sling             |   147 |    99 ||   246
    Use: Scroll            |     7 |     5 ||    12
         Potion            |     1 |     1 ||     2
 Armour: Robe              |     5 |       ||     5
         Leather armour    |    32 |     2 ||    34
         Ring mail         |       |    28 ||    28
  Dodge: Dodged            |    60 |    33 ||    93

Table legend:
 A = Non-vault XP
 B = Vault XP
 C = Vault XP percentage of total XP
 D = Non-vault monster count
 E = Vault monster count
 F = Vault count percentage of total count
                 A         B        C        D         E       F
            +---------+---------+-------+---------+---------+-------
      Total |     256 |       8 |   3.0 |      55 |       3 |   5.2
            +---------+---------+-------+---------+---------+-------
        D:1 |      20 |       0 |   0.0 |      11 |       0 |   0.0
        D:2 |      31 |       0 |   0.0 |      20 |       0 |   0.0
        D:3 |      57 |       8 |  12.3 |      18 |       3 |  14.3
        D:4 |     148 |       0 |   0.0 |       6 |       0 |   0.0
            +---------+---------+-------+---------+---------+-------
